 Dungeon Crawl Stone Soup version 0.19.5 (webtiles) character file.

2293 xboxut the Skirmisher (level 9, -3/89 HPs)
             Began as a Troll Berserker on Apr 17, 2017.
             Was a High Priest of Trog.
             Slain by Gastronok (11 damage)
             ... on level 8 of the Dungeon on Apr 18, 2017.
             The game lasted 00:50:58 (5432 turns).

xboxut the Skirmisher (Troll Berserker)             Turns: 5432, Time: 00:51:00

Health: -3/89      AC:  6    Str: 27    XL:     9   Next: 17%
Magic:  8/8        EV: 13    Int:  4    God:    Trog [*****.]
Gold:   370        SH:  0    Dex: 14    Spells: 0 memorised, 8 levels left

rFire  . . .     SeeInvis .     a - +0 war axe
rCold  . . .     Gourm    +     r - +0 animal skin
rNeg   . . .     Faith    +     (no shield)
rPois  .         Spirit   .     (helmet restricted)
rElec  .         Reflect  .     A - +0 cloak
rCorr  .         Harm     .     (gloves unavailable)
MR     .....                    (boots unavailable)
Stlth  ++........               y - amulet of faith
                                u - +3 ring of dexterity
                                j - ring of stealth

@: exhausted, about to teleport
A: unfitting armour, claws 3, fast metabolism 3, gourmand, regeneration 1,
shaggy fur 1, tough skin 2
a: Berserk, Trog's Hand, Brothers in Arms, Burn Spellbooks, Renounce Religion


You were on level 8 of the Dungeon.
You worshipped Trog.
Trog was extremely pleased with you.
You were not hungry.

You visited 2 branches of the dungeon, and saw 9 of its levels.
You also visited: Ossuary.

You collected 370 gold pieces.

Inventory:

Hand Weapons
 a - a +0 war axe (weapon)
 b - a +0 shortbow of freezing
 f - a cursed -3 dagger
 i - a +3 short sword of flaming
 q - a +0 hand axe
 E - a +0 hunting sling
 F - a +1 hand axe
Missiles
 d - 169 stones
 l - 125 arrows
 m - 132 sling bullets
 t - 5 tomahawks (quivered)
Armour
 r - a +0 animal skin (worn)
 A - a +0 cloak (worn)
 H - a +2 cloak
Jewellery
 j - a ring of stealth (left claw)
 k - an uncursed ring of flight {unknown}
 u - a +3 ring of dexterity (right claw)
 y - an amulet of faith (around neck)
 D - a +3 ring of evasion {unknown}
Wands
 p - a wand of iceblast (7/15)
 z - a wand of digging (12/24)
Scrolls
 g - 4 scrolls of remove curse
 h - 4 scrolls of immolation
 s - 2 scrolls of teleportation
 x - 2 scrolls of magic mapping
 K - a scroll of amnesia {unknown}
Potions
 e - 3 potions of flight
 n - 2 potions of heal wounds
 o - a potion of agility
 v - 4 potions of haste
 C - 2 potions of lignification
 G - 3 potions of curing
 I - a potion of magic
 J - a potion of resistance
 L - a potion of berserk rage
 M - a potion of might {unknown}
Comestibles
 c - 4 bread rations
 w - a beef jerky
 B - a royal jelly


   Skills:
 * Level 6.1 Fighting
 * Level 6.1 Axes
 + Level 3.3 Throwing
 * Level 6.0 Dodging


You had 8 spell levels left.
You didn't know any spells.

Dungeon Overview and Level Annotations

Branches:
Dungeon (8/15)             Temple (1/1) D:5
   Lair: D:8-11

Altars:
Ashenzari
Cheibriados
Dithmenos
Elyvilon
Fedhas
Gozag
Hepliaklqana
Kikubaaqudgha
Makhleb
Nemelex Xobeh
Okawaru
Qazlal
Ru
Sif Muna
Trog
Uskayaw
Vehumet
Xom
Yredelemnul
Zin
The Shining One

Shops:
D:8 %

Annotations:
D:8 Gastronok


Innate Abilities, Weirdness & Mutations

You are too large for most types of armour.
You have claws for hands.
Your metabolism is lightning-fast.
You like to eat raw meat.
Your natural rate of healing is unusually fast.
You are covered in fur. (AC +1)
You have very tough skin. (AC +2)


Message History

The river rat barely misses you. The centaur closely misses you.
The river rat closely misses you.
Gastronok waves his eye-stalks in wide circles.
The air twists around and strikes you!
* * * LOW HITPOINT WARNING * * *
You're too exhausted to go berserk.
You hit Gastronok but do no damage.
Gastronok is moderately wounded.
You hit the river rat but do no damage. You hit the centaur but do no damage.
You hit the river rat. The centaur completely misses you.
The river rat misses you. The river rat closely misses you.
The centaur hits you.
* * * LOW HITPOINT WARNING * * *
As you read the scroll of teleportation, it crumbles to dust.
You feel strangely unstable.
The centaur hits you but does no damage.
The river rat bites you.
* * * LOW HITPOINT WARNING * * *
The river rat completely misses you. Gastronok bites you!
You die...

##### #######
..... #.....#
......#.....# ####
......#.rw..#.....
#.......@r<((.....
..##.##..c..##....
.. #.....# ...
.)................
♣......#..####....
∩.♣......).. ...
....#..##... ..
...###.. ..## .
... ... #.#


You could see Gastronok, a centaur and 2 river rats.

Vanquished Creatures
  Pikel (D:6)
  A hippogriff (D:8)
  Edmund (D:4)
  Menkaure (Ossuary)
  Duvessa (D:6)
  An ice beast (D:6)
  2 ogres
  A sky beast (D:7)
  2 centaurs
  A bullfrog (D:6)
  Dowan (D:6)
  2 scorpions (D:6)
  A howler monkey (D:5)
  A crimson imp (D:5)
  A bullfrog zombie (D:6)
  A hound (D:6)
  A jelly (D:5)
  A gnoll shaman (D:5)
  2 orc wizards
  Natasha (D:4)
  A worker ant (D:5)
  A hound zombie (D:7)
  2 hound skeletons (D:6)
  A mummy (Ossuary)
  A howler monkey zombie (D:5)
  Robin (D:4)
  9 gnolls
  7 adders
  A shadow imp (D:6)
  An ooze (D:1)
  An adder skeleton (D:6)
  2 worms
  5 dart slugs
  2 leopard geckos
  16 orcs
  A ball python (D:5)
  6 giant cockroaches
  3 gnoll zombies (Ossuary)
  17 goblins
  8 hobgoblins
  2 jackals (D:6)
  10 kobolds
  3 quokkas
  10 bats
  2 frilled lizards
  5 gnoll skeletons (Ossuary)
  A goblin skeleton (Ossuary)
  2 goblin zombies (Ossuary)
  3 hobgoblin skeletons (Ossuary)
  A hobgoblin zombie (Ossuary)
  3 kobold skeletons (Ossuary)
  3 kobold zombies (Ossuary)
  4 orc skeletons (Ossuary)
  3 orc zombies (Ossuary)
  2 quokka skeletons
  A quokka zombie (D:6)
  4 rats
  3 rat skeletons (Ossuary)
  5 rat zombies
177 creatures vanquished.

Vanquished Creatures (others)
  2 mummies (Ossuary)
  3 gnoll zombies (Ossuary)
  A ball python (D:6)
  A bat (D:1)
  A gnoll skeleton (Ossuary)
  A goblin skeleton (Ossuary)
  A goblin zombie (Ossuary)
  A hobgoblin skeleton (Ossuary)
  A hobgoblin zombie (Ossuary)
  A kobold skeleton (Ossuary)
  A kobold zombie (Ossuary)
  An orc skeleton (Ossuary)
  3 orc zombies (Ossuary)
  A rat skeleton (Ossuary)
19 creatures vanquished.

Grand Total: 196 creatures vanquished

Notes
Turn   | Place    | Note
-------+----------+-------------------------------------------
     0 | D:1      | xboxut the Troll Berserker began the quest for the Orb.
     0 | D:1      | Reached XP level 1. HP: 22/22 MP: 0/0
    68 | D:1      | Reached XP level 2. HP: 24/29 MP: 1/1
   230 | D:1      | Gained mutation: You are somewhat resistant to further mutation. [potion of beneficial mutation]
   418 | D:1      | Reached XP level 3. HP: 35/36 MP: 2/2
   799 | D:2      | Reached ** piety under Trog
  1200 | D:3      | Reached XP level 4. HP: 44/45 MP: 3/3
  1493 | D:3      | Lost mutation: You are somewhat resistant to further mutation. [potion of cure mutation]
  1824 | D:4      | Noticed an ogre
  1843 | D:4      | Killed an ogre
  1843 | D:4      | Reached XP level 5. HP: 9/54 MP: 4/4
  1921 | D:4      | Noticed Edmund
  1938 | D:4      | Killed Edmund
  1938 | D:4      | Reached XP level 6. HP: 62/62 MP: 5/5
  2180 | D:4      | Reached *** piety under Trog
  2215 | D:4      | Noticed Natasha
  2218 | D:4      | Noticed Robin
  2228 | D:4      | Killed Natasha
  2230 | D:4      | Killed Robin
  2464 | D:5      | Entered Level 5 of the Dungeon
  2464 | D:5      | Found a staircase to the Ecumenical Temple.
  2472 | D:5      | Reached XP level 7. HP: 56/71 MP: 6/6
  2485 | Temple   | Entered the Ecumenical Temple
  2720 | D:5      | Found a sparkling altar of Nemelex Xobeh.
  2841 | D:5      | Reached skill level 1 in Throwing
  3433 | D:5      | Found a shimmering altar of Xom.
  3803 | D:6      | Reached skill level 5 in Fighting
  3831 | D:6      | Reached XP level 8. HP: 42/80 MP: 7/7
  3857 | D:6      | Reached **** piety under Trog
  3913 | D:6      | Found a sand-covered staircase.
  3920 | Ossuary  | Entered an ossuary
  4071 | Ossuary  | Reached skill level 5 in Axes
  4190 | Ossuary  | Noticed Menkaure
  4202 | Ossuary  | Killed Menkaure
  4393 | D:6      | Reached skill level 5 in Dodging
  4458 | D:6      | Noticed Dowan
  4460 | D:6      | Noticed Duvessa
  4467 | D:6      | Killed Dowan
  4467 | D:6      | Reached ***** piety under Trog
  4473 | D:6      | Killed Duvessa
  4499 | D:6      | Found a sparkling altar of Nemelex Xobeh.
  4525 | D:6      | Noticed Pikel
  4539 | D:6      | Killed Pikel
  5046 | D:7      | Reached XP level 9. HP: 74/89 MP: 8/8
  5405 | D:8      | Noticed Gastronok
  5412 | D:8      | Found Pucyhy's Food Shop.
  5432 | D:8      | Slain by Gastronok

Skill      XL: |  1  2  3  4  5  6  7  8  9 |
---------------+----------------------------+-----
Axes           | 3 4 5 6 |  6.1
Fighting       | 3 4 5 6 |  6.1
Dodging        | 3 4 5 6 |  6.0
Throwing       | 2 3 |  3.3

Action                   |  1- 3 |  4- 6 |  7- 9 || total
-------------------------+-------+-------+-------++-------
Melee: Hand axe          |   115 |   138 |   138 ||   391
       War axe           |       |       |   180 ||   180
 Fire: Hunting sling     |       |     7 |       ||     7
       Shortbow          |       |       |    10 ||    10
Throw: Stone             |     8 |    21 |    15 ||    44
       Tomahawk          |       |       |     4 ||     4
Invok: Berserk           |       |     3 |     6 ||     9
  Use: Potion            |     6 |     1 |     3 ||    10
       Scroll            |     3 |     7 |     8 ||    18
 Stab: Sleeping          |       |     3 |     3 ||     6
       Distracted        |       |       |     1 ||     1
  Eat: Chunk             |     1 |    13 |    22 ||    36
       Fruit             |     3 |       |       ||     3
       Bread ration      |     1 |     1 |     1 ||     3
       Meat ration       |       |       |     1 ||     1
       Pizza             |       |       |     1 ||     1
       Beef jerky        |       |       |     1 ||     1
Armor: Animal skin       |    55 |    42 |   106 ||   203
Dodge: Dodged            |    68 |    93 |   205 ||   366
